 Dungeon Crawl Stone Soup version 0.30-a0-591-g3c58d2bc28 (webtiles) character file.

Game seed: 14308334405713585675

940 osuadh the Cleaver (level 7, -1/51 HPs)
             Began as a Minotaur Fighter on Jan 6, 2023.
             Was a Follower of Hepliaklqana.
             Slain by an ice beast (10 damage)
             ... on level 6 of the Dungeon.
             The game lasted 00:09:56 (4256 turns).

osuadh the Cleaver (Minotaur Fighter)               Turns: 4256, Time: 00:09:57

Health: -1/51      AC: 10    Str: 21    XL:     7   Next: 88%
Magic:  6/6        EV:  7    Int:  7    God:    Hepliaklqana [*.....]
Gold:   242        SH:  4    Dex:  9    Spells: 6/6 levels left

rFire   . . .      SeeInvis .    a - +0 war axe
rCold   . . .      Faith    .    c - +0 buckler
rNeg    . . .      Spirit   .    B - +0 chain mail
rPois   +          Reflect  .    (helmet restricted)
rElec   .          Harm     .    (no cloak)
rCorr   .          Rampage  .    y - +0 pair of gloves {Stlth+}
Will    .....                    (no boots) Stlth
                                 p - amulet of regeneration
HPRegen 1.08/turn                h - ring of poison resistance
MPRegen 0.10/turn                (no ring)

@: no status effects
A: reduced essence, horns 2, retaliatory headbutt
a: Renounce Religion, Recall Ancestor, Ancestor Identity


You were on level 6 of the Dungeon.
You worshipped Hepliaklqana.
Hepliaklqana was aware of your devotion.
You visited 2 branches of the dungeon, and saw 7 of its levels.

You collected 242 gold pieces.

Inventory:

Hand Weapons
 a - a +0 war axe (weapon)
Missiles
 g - 49 stones (quivered)
Armour
 c - a +0 buckler (worn)
 j - a +2 leather armour of willpower
 l - a +0 scale mail
 y - a +0 pair of gloves of stealth (worn)
 B - a +0 chain mail (worn)
Magical Staves
 o - a staff of cold
Jewellery
 h - a ring of poison resistance (left hand)
 p - an amulet of regeneration (around neck)
Wands
 r - a wand of paralysis (8)
 w - a wand of iceblast (10)
 A - a wand of mindburst (20)
Scrolls
 b - a scroll of magic mapping
 f - a scroll of blinking {unknown}
 i - 2 scrolls of enchant armour {unknown}
 k - 2 scrolls of identify
 n - a scroll of teleportation {unknown}
 q - a scroll of enchant weapon {unknown}
 u - a scroll of fear {unknown}
 x - a scroll of poison {unknown}
 z - a scroll of noise {unknown}
Potions
 d - 5 potions of might
 e - a potion of heal wounds
 m - 2 potions of attraction
 s - 2 potions of curing
 t - a potion of ambrosia
 v - 2 potions of brilliance


   Skills:
 - Level 3.6 Fighting
 + Level 11.0 Axes
 - Level 3.6 Armour
 - Level 3.6 Shields


You had 6 spell levels left.
You didn't know any spells.
Your spell library contained the following spells:

 Spells                   Type           Power      Damage    Failure   Level
 Gell's Gravitas          Tloc           0%         N/A       100%        3
 Lesser Beckoning         Tloc           0%         N/A       100%        3
 Teleport Other           Tloc           0%         N/A       100%        3
 Anguish                  Hex/Necr       0%         N/A       100%        4
 Enfeeble                 Hex            0%         N/A       100%        7


Dungeon Overview and Level Annotations

Branches:
Dungeon (6/15)             Temple (1/1) D:5

Altars:
Ashenzari
Cheibriados
Dithmenos
Fedhas
Gozag
Hepliaklqana
Makhleb
Qazlal
Ru
Trog
Uskayaw
Vehumet
Wu Jian
Yredelemnul
Zin
The Shining One

Shops:
D:5 !

Annotations:
D:4 3 runed translucent doors, boogereater1's ghost, weakling HOBe
D:5 2 transporters, sokol815's ghost, novice OpDe


Innate Abilities, Weirdness & Mutations

Your life essence is reduced to manifest your ancestor. (-10% HP)
You have a pair of horns on your head.
You reflexively headbutt those who attack you in melee.


Message History

Found a glowing falchion.
The centaur shouts!
The centaur wields a +0 shortbow.
The centaur shoots an arrow.
The arrow hits you.
A centaur is nearby!
A centaur is nearby!
A centaur is nearby!
The centaur shoots an arrow.
The arrow hits you.
Found a bone ring.
The centaur shoots an arrow.
The arrow hits you!
The centaur shoots an arrow.
The arrow hits you.
An ice beast comes into view.
The centaur unwields a +0 shortbow.
The centaur hits you but does no damage.
The centaur kicks you.
You slash the centaur!
The centaur is heavily wounded.
You hit the ice beast. The centaur barely misses you. You furiously retaliate!
You headbutt the centaur!
The centaur kicks you but does no damage.
The ice beast hits you.
The ice beast freezes you! Æthelred hits the centaur but does no damage.
The centaur hits you but does no damage.
The centaur kicks you but does no damage.
You slash the centaur!
You kill the centaur!
You hit the ice beast but do no damage. The ice beast hits you.
The ice beast freezes you.
Your Axes skill increases to level 11!
You slash the ice beast!
The ice beast is severely wounded.
The ice beast hits you. The ice beast freezes you!
* * * LOW HITPOINT WARNING * * *
Æthelred hits the ice beast.
You catch the helpless ice beast completely off-guard!
You slash the ice beast!
The ice beast is almost dead.
The ice beast hits you.
* * * LOW HITPOINT WARNING * * *
The ice beast freezes you!
You die...

.###.. .## .....
..# .... ..## #
#...#...##..
.###.........
...........
#......RY#
..)....@##
....<(...###
##.....>...##
#...........#
...##.#...#.....
.. #=#..###..##
. ##.#..# .## .#
#..#..# ..#
.>##..#..##.#


You could see the friendly Æthelred the ancestor and an ice beast (ally target).

Vanquished Creatures
  Eustachio (D:5)
  A black bear (D:6)
  A centaur (D:6)
  A phantom (D:5)
  4 scorpions (D:5)
  A necrophage (D:4)
  A jelly (D:5)
  Ijyb (D:3)
  3 orc wizards
  4 adders
  A shadow imp (D:5)
  A white imp (D:5)
  A worm (D:3)
  3 dart slugs
  14 orcs
  6 ball pythons
  3 bats
  2 endoplasms
  A giant cockroach (D:1)
  5 goblins
  6 hobgoblins
  5 jackals
  4 kobolds
  2 quokkas
  A frilled lizard (D:1)
  7 rats
80 creatures vanquished.

Notes
Turn   | Place    | Note
-------+----------+-------------------------------------------
     0 | D:1      | osuadh the Minotaur Fighter began the quest for the Orb.
     0 | D:1      | Reached XP level 1. HP: 19/19 MP: 0/0
   112 | D:1      | Reached skill level 3 in Axes
   151 | D:1      | Reached XP level 2. HP: 25/26 MP: 1/1
   501 | D:1      | Reached skill level 4 in Axes
   984 | D:2      | Reached XP level 3. HP: 31/31 MP: 2/2
  1324 | D:2      | Reached skill level 5 in Axes
  1552 | D:3      | Reached XP level 4. HP: 39/39 MP: 3/3
  1572 | D:3      | Reached skill level 6 in Axes
  2060 | D:3      | Noticed Ijyb
  2060 | D:3      | Paralysed by Ijyb for 4 turns
  2076 | D:3      | Paralysed by Ijyb for 3 turns
  2079 | D:3      | Killed Ijyb
  2080 | D:3      | Reached XP level 5. HP: 36/45 MP: 4/4
  2344 | D:4      | Found a radiant altar of Vehumet.
  2352 | D:4      | Reached skill level 7 in Axes
  2436 | D:4      | Found a runed translucent gate.
  2437 | D:4      | Found a runed translucent gate.
  2437 | D:4      | Noticed boogereater1's ghost (weakling HOBe)
  2438 | D:4      | Found a runed translucent gate.
  2825 | D:4      | Found a hazy altar of Hepliaklqana.
  3180 | D:4      | Became a worshipper of Hepliaklqana the Forgotten
  3187 | D:5      | Entered Level 5 of the Dungeon
  3198 | D:5      | Found a transporter.
  3199 | D:5      | Noticed sokol815's ghost (novice OpDe)
  3201 | D:5      | Found Xoppeopp's Distillery.
  3227 | D:5      | Reached XP level 6. HP: 29/51 MP: 5/5
  3344 | D:5      | Identified the +10 hand axe "Atuderch" {flame, rN+ Int+4
                  | Dex+3 Stlth-}
  3396 | D:5      | Reached skill level 8 in Axes
  3398 | D:5      | Noticed Eustachio
  3485 | D:5      | Found a staircase to the Ecumenical Temple.
  3566 | D:5      | Reached skill level 9 in Axes
  3566 | D:5      | Reached XP level 7. HP: 54/57 MP: 6/6
  3644 | D:5      | Killed Eustachio
  3695 | D:5      | Reached skill level 10 in Axes
  3890 | D:5      | Found a transporter.
  4090 | Temple   | Entered the Ecumenical Temple
  4248 | D:6      | Reached * piety under Hepliaklqana
  4255 | D:6      | Reached skill level 11 in Axes
  4256 | D:6      | Slain by an ice beast

Illustrated notes

Levels and vault maps discovered:
D:1:      eino_arrival_water_star, layout_basic, serial_bayou_pond_c
D:2:      layout_basic
D:3:      layout_basic, uniq_ijyb
D:4:      layout_loops_cross, nicolae_hepliaklqana_hazy_memory,
          mainiacjoe_overflow_alcove_2, gammafunk_ghost_nasty_kobolds
D:5:      layout_cave_pools, minmay_temple_entry_waves,
          gammafunk_ghost_stat_death, serial_shops,
          nicolae_shop_window_shopping, minivault_19, uniq_eustachio
D:6:      layout_layer_cave, kennysheep_orc_sif_temple, xom_redecorated,
          serial_shops, shop
Temple:   nicolae_temple_great_sept

Skill      XL: |  1  2  3  4  5  6  7 |
---------------+----------------------+-----
Axes           | 3 4 5 6 7 9 11 | 11.0
Fighting       | |  3.6
Armour         | |  3.6
Shields        | |  3.6

Action                   |  1- 3 |  4- 6 |  7- 9 || total
-------------------------+-------+-------+-------++-------
Melee: War axe           |    82 |    98 |    52 ||   232
       Headbutt          |     9 |    13 |     6 ||    28
  Use: Scroll            |     2 |     5 |       ||     7
 Stab: Distracted        |       |       |     1 ||     1
Armor: Scale mail        |    22 |    24 |    29 ||    75
       Leather armour    |       |       |    14 ||    14
       Chain mail        |       |       |    12 ||    12
Dodge: Dodged            |    35 |    35 |    37 ||   107
Block: Buckler           |    29 |    23 |    18 ||    70

Table legend: (Time is in decaauts)
 A = Elapsed time spent in this place.
 B = Non-inter-level travel time spent in this place.
 C = Inter-level travel time spent in this place.
 D = Time resting spent in this place.
 E = Time spent auto-exploring this place.
 F = Levels seen in this place.
 G = Mean time per level.
                   A        B        C        D        E       F      G
               +--------+--------+--------+--------+--------+-----+--------+
         Total |   4318 |   4048 |    270 |    409 |   2715 |   7 |  616.9 |
       Dungeon |   4231 |   3974 |    257 |    409 |   2652 |   6 |  705.2 |
        Temple |     86 |     73 |     13 |      0 |     63 |   1 |   86.0 |
               +--------+--------+--------+--------+--------+-----+--------+

Top non-repeatable levels by time:
     D:1: 1000 daAuts
     D:4: 963 daAuts
     D:5: 853 daAuts
     D:3: 831 daAuts
     D:2: 524 daAuts
  Temple: 86 daAuts
     D:6: 59 daAuts
